 Dungeon Crawl Stone Soup version 0.23.2-40-g277498a001 (webtiles) character file.

Game seed: 16389638957042310305

667 Descartes the Sneak (level 7, -1/32 HPs)
             Began as a Spriggan Conjurer on Sept 26, 2019.
             Slain by a river rat (4 damage)
             ... on level 5 of the Dungeon.
             The game lasted 00:22:07 (8051 turns).

Descartes the Sneak (Spriggan Conjurer)             Turns: 8051, Time: 00:22:08

Health: -1/32      AC:  4    Str:  4    XL:     7   Next: 31%
Magic:  3/15       EV: 21    Int: 22    God:
Gold:   272        SH:  0    Dex: 17    Spells: 11/16 levels left

rFire    . . .     SeeInvis +   x - +3 short sword (speed)
rCold    . . .     Gourm    .   (shield restricted)
rNeg     + . .     Faith    .   G - +2 robe {rN+}
rPois    .         Spirit   .   (helmet restricted)
rElec    .         Reflect  .   (no cloak)
rCorr    .         Harm     .   (gloves unavailable)
MR       +....                  (boots unavailable)
Stlth    ++........             (no amulet)
HPRegen  0.10/turn              k - ring of stealth
MPRegen  0.14/turn              q - +4 ring of intelligence

@: slow
A: very small, unfitting armour, see invisible, herbivore, speed 3, slow
metabolism 2
a: no special abilities


You were on level 5 of the Dungeon.
You were near starving.

You visited 1 branch of the dungeon, and saw 5 of its levels.

You collected 272 gold pieces.

Inventory:

Hand Weapons
 x - a +3 short sword of speed (weapon)
 A - a +0 blowgun
Missiles
 m - 60 poisoned needles
 r - 100 stones (quivered)
 s - 22 arrows
Armour
 a - a +0 robe
 C - a +0 buckler
 G - a +2 robe of positive energy (worn)
Jewellery
 b - an uncursed ring of protection from fire
 k - a ring of stealth (left hand)
 q - a +4 ring of intelligence (right hand)
Wands
 h - a wand of digging (3)
 v - a wand of random effects (20)
Scrolls
 g - a scroll of blinking {unknown}
 j - a scroll of immolation {unknown}
 l - a scroll of teleportation {unknown}
 p - a scroll of enchant armour {unknown}
 u - a scroll of amnesia {unknown}
 y - 2 scrolls of identify
 D - a scroll of enchant weapon
Potions
 d - a potion of haste
 e - a potion of curing
 f - a potion of lignification
 i - a potion of invisibility
 n - 4 potions of heal wounds
 o - a potion of brilliance
 t - a potion of cancellation {unknown}
 w - a potion of flight
 B - 2 potions of ambrosia {unknown}
 E - 2 potions of degeneration {unknown}
 F - a potion of agility {unknown}
Comestibles
 c - 5 rations


   Skills:
 + Level 5.9 Dodging
 + Level 6.3 Stealth
 * Level 1.6 Shields
 + Level 5.0 Spellcasting
 + Level 4.0 Conjurations
 + Level 2.6 Transmutations


You had 11 spell levels left.
You knew the following spells:

 Your Spells              Type           Power        Failure   Level  Hunger
a - Magic Dart            Conj           ###.         1%          1    None
b - Searing Ray           Conj           ###...       2%          2    None
c - Sticks to Snakes      Tmut           ###.....     5%          2    None

Your spell library contained the following spells:

 Spells                   Type           Power        Failure   Level  Hunger
 Beastly Appendage        Tmut           ###...       3%          1    None
 Corona                   Hex            #......      10%         1    None
 Dazzling Spray           Conj/Hex       ##....       13%         3    ##.....
 Ensorcelled Hibernation  Hex/Ice        #.....       16%         2    None
 Spider Form              Tmut/Pois      ##........   19%         3    ##.....
 Iskenderun's Mystic Bla  Conj           ###.....     19%         4    ####...
 Confuse                  Hex            #.......     30%         3    ##.....
 Tukima's Dance           Hex            #.......     30%         3    ##.....
 Force Lance              Conj/Tloc      ##......     41%         4    ####...
 Fulminant Prism          Conj/Hex       ##........   41%         4    ####...
 Ice Form                 Ice/Tmut       ##......     52%         4    ####...
 Blade Hands              Tmut           ###.......   67%         5    #####..


Dungeon Overview and Level Annotations

Branches:
Dungeon (5/15)
 Temple: D:4-7

Altars:
Dithmenos
Kikubaaqudgha
Uskayaw
The Shining One


Innate Abilities, Weirdness & Mutations

You are very small and have problems with some larger weapons.
You are too small for most types of armour.
You have supernaturally acute eyesight. (SInv)
You are a herbivore.
You cover ground extremely quickly.
You need to consume almost no food.


Message History

Your ball python dies!
You hit the river rat.
The river rat is moderately wounded.
The river rat bites you.
You barely miss the river rat.
The river rat is moderately wounded.
The river rat completely misses you.
You barely miss the river rat.
The river rat is moderately wounded.
The orc splashes around in the water.
You closely miss the river rat.
The river rat is moderately wounded.
The river rat bites you!
* * * LOW HITPOINT WARNING * * *
The orc hits you from afar with a +0 trident.
* * * LOW HITPOINT WARNING * * *
You closely miss the river rat.
The river rat is moderately wounded.
The river rat bites you.
You die...

#### #.#.. ### #.....
#.##......
################.#..####.
#..................###...
#....≈≈##########..#...PP
#...≈≈≈#@ror≈≈≈##........
#....#≈#######≈###.##.P.#
#...≈≈o#≈≈o≈≈≈≈≈###......
#...≈#S#≈######## ##.....
##.S≈≈≈#≈≈r≈≈# #.##..
#..≈#≈#o#S#rr≈≈ #.#...
#..≈#≈#≈#r# ######.####
#...#≈≈≈# ≈ #........
#...##### ## ##......##


You could see a river rat, an orc and a rat.

Vanquished Creatures
  Menkaure (D:4)
  The ghost of Dexcius the Firebug, an amateur DsFE (D:3)
  A hound (D:5)
  3 orc priests (D:4)
  2 worker ants
  Ijyb (D:1)
  Terence (D:2)
  Robin (D:2)
  6 adders
  3 river rats
  2 oozes
  6 worms
  A dart slug (D:3)
  4 leopard geckos
  7 orcs
  3 ball pythons
  5 bats
  6 giant cockroaches
  15 goblins
  7 hobgoblins
  4 jackals
  3 kobolds
  A quokka (D:2)
  4 frilled lizards
  11 rats
99 creatures vanquished.

Vanquished Creatures (collateral kills)
  A jackal (D:5)
  A rat (D:5)
2 creatures vanquished.

Grand Total: 101 creatures vanquished

Notes
Turn   | Place    | Note
-------+----------+-------------------------------------------
     0 | D:1      | Descartes the Spriggan Conjurer began the quest for the
                  | Orb.
     0 | D:1      | Reached XP level 1. HP: 9/9 MP: 5/5
   551 | D:1      | Reached XP level 2. HP: 13/13 MP: 2/6
   593 | D:1      | Learned a level 2 spell: Searing Ray
  1090 | D:2      | Noticed Robin
  1408 | D:2      | Reached XP level 3. HP: 16/16 MP: 6/8
  1667 | D:2      | Killed Robin
  1667 | D:2      | Reached skill level 4 in Stealth
  2044 | D:2      | Reached XP level 4. HP: 21/21 MP: 4/10
  2219 | D:2      | Found a hide-covered altar of Uskayaw.
  2301 | D:2      | Noticed Terence
  2477 | D:2      | Found a glowing golden altar of the Shining One.
  2908 | D:2      | Found a glowing golden altar of the Shining One.
  3017 | D:2      | Killed Terence
  3322 | D:2      | Reached XP level 5. HP: 24/24 MP: 4/11
  3420 | D:3      | Noticed Ijyb
  3913 | D:1      | Killed Ijyb
  4184 | D:3      | Reached skill level 5 in Stealth
  4205 | D:3      | Learned a level 2 spell: Sticks to Snakes
  4221 | D:3      | Found a runed translucent door.
  4226 | D:3      | Noticed Dexcius's ghost (amateur DsFE)
  4333 | D:3      | Found a runed translucent door.
  5126 | D:3      | Killed Dexcius's ghost
  5126 | D:3      | Reached skill level 5 in Dodging
  5126 | D:3      | Reached skill level 1 in Transmutations
  5126 | D:3      | Reached XP level 6. HP: 28/28 MP: 0/13
  5518 | D:4      | Found a shadowy altar of Dithmenos.
  6025 | D:4      | Noticed Menkaure
  6851 | D:4      | Killed Menkaure
  6851 | D:4      | Reached skill level 6 in Stealth
  6851 | D:4      | Reached skill level 1 in Shields
  7141 | D:4      | Reached XP level 7. HP: 32/32 MP: 8/15
  7659 | D:5      | Entered Level 5 of the Dungeon
  7717 | D:5      | Reached skill level 5 in Spellcasting
  7727 | D:5      | Found an ancient bone altar of Kikubaaqudgha.
  8051 | D:5      | Slain by a river rat

Skill      XL: |  1  2  3  4  5  6  7 |
---------------+----------------------+-----
Conjurations   | 3 4 |  4.0
Spellcasting   | 3 4 5 |  5.0
Stealth        | 4 5 6 |  6.3
Dodging        | 4 5 |  5.9
Transmutations | 1 2 |  2.6
Shields        | 1 |  1.6

Action                   |  1- 3 |  4- 6 |  7- 9 || total
-------------------------+-------+-------+-------++-------
Melee: Short sword       |       |    11 |    19 ||    30
 Fire: Blowgun           |       |     7 |       ||     7
 Cast: Magic Dart        |    85 |   271 |    47 ||   403
       Sticks to Snakes  |       |       |    12 ||    12
  Use: Scroll            |     6 |     1 |     2 ||     9
  Eat: Ration            |       |     1 |       ||     1
Armor: Robe              |       |     1 |       ||     1
Dodge: Dodged            |     1 |    15 |    23 ||    39
